 Dungeon Crawl Stone Soup version 0.32-a0-818-gb728d0252e (webtiles) character file.

Game seed: 842549420752017869

212 NateTC the Trooper (level 5, -5/37 HPs)
             Began as a Gargoyle Fighter on Mar 21, 2024.
             Slain by Menkaure (15 damage)
             ... on level 4 of the Dungeon on Mar 25, 2024.
             The game lasted 00:03:37 (3030 turns).

NateTC the Trooper (Gargoyle Fighter)               Turns: 3030, Time: 00:03:37

Health: -5/37      AC: 14    Str: 21    XL:     5   Next: 90%
Magic:  5/5        EV:  6    Int:  9    God:
Gold:   99         SH:  4    Dex:  9    Spells: 4/4 levels left

rFire   + . .        a - +0 flail
rCold   + . .        c - +0 buckler
rNeg    + . .        f - +0 chain mail
rPois   ∞            (no helmet)
rElec   +            (no cloak)
rCorr   +            j - +0 pair of gloves
SInv    .            (no boots)
Will    +....        (no amulet) Stlth
                     e - ring of willpower
HPRegen 0.26/turn    (no ring)
MPRegen 0.09/turn

%: no passive effects
@: resistant
A: sickness immunity, AC +4, negative energy resistance 1, electricity
resistance, torment resistance 1, petrification resistance
a: no special abilities


You were on level 4 of the Dungeon.
You visited 1 branch of the dungeon, and saw 4 of its levels.

You collected 99 gold pieces.

Inventory:

Hand Weapons
 a - a +0 flail (weapon)
Armour
 c - a +0 buckler (worn)
 f - a +0 chain mail (worn)
 j - a +0 pair of gloves (worn)
Jewellery
 e - a ring of willpower (left hand)
Wands
 i - a wand of polymorph (3)
Scrolls
 b - 2 scrolls of teleportation
 m - a scroll of identify
Potions
 d - a potion of might
 g - a potion of resistance
 h - 2 potions of curing {unknown}
 k - a potion of haste {unknown}
 l - a potion of attraction {unknown}


   Skills:
 * Level 6.5 Fighting
 + Level 3.0 Maces & Flails
 - Level 3.2 Armour
 - Level 3.2 Shields


You had 4 spell levels left.
You didn't know any spells.
Your spell library was empty.

Dungeon Overview and Level Annotations

Branches:
Dungeon (4/15) Zot: 20887
 Temple: D:4-7

Altars:
Ru

Annotations:
D:4 Menkaure


Innate Abilities, Weirdness & Mutations

You are immune to sickness and miasma.
Your stone body is resilient. (AC +4)
You are immune to poison.
You resist negative energy. (rN+)
You are resistant to electric shocks. (rElec)
You are resistant to unholy torment.
You are immune to petrification.


Message History

m - a scroll of identify No target in view!
Found 4 stones.
No target in view!
Found a stone staircase leading down.
No target in view!
You see here 4 stones.
There is a stone staircase leading down here.
b - 2 scrolls of teleportation (gained 1) Menkaure, Prince of Dust comes into view.
Menkaure shouts!
You hear a shout! x3
Menkaure is nearby!
Menkaure gestures wildly while chanting.
Menkaure seems to speed up.
You hear a shout!
Menkaure is nearby!
Menkaure is nearby!
A goblin comes into view. It is wielding a +0 club.
Menkaure completely misses you. Menkaure hits you!
You hit Menkaure.
Menkaure is lightly damaged.
Menkaure calls on the powers of darkness!
Your body is wracked with pain!
The goblin convulses!
You hit Menkaure.
Menkaure is moderately damaged.
Menkaure hits you but does no damage.
You barely miss Menkaure.
Menkaure is moderately damaged.
You block Menkaure's attack. Menkaure hits you.
You are too injured to fight recklessly!
You are too injured to fight recklessly!
You hit Menkaure but do no damage.
Menkaure is moderately damaged.
Menkaure closely misses you. Menkaure hits you!
* * * LOW HITPOINT WARNING * * *
Menkaure attacks as he pursues you! You block Menkaure's attack.
Menkaure hits you but does no damage.
You feel protected. Menkaure hits you!
You die...

##.## #.# ##.# #.#
##..# #.# #.#.#
#.# ##.#### #.#
#...... #.#
#######..#### #
#.# #........#
####.###@#
#.######.#
.......Mg####.####
#.#
###........#....#
#.####
########...##.#
#....# #.#.# #
####.# #.#.# ##.#
#.#.# #... #.#.#
#... ..#.# #...


You could see Menkaure (fast) and a goblin.

Vanquished Creatures
  A scorpion (D:4)
  8 adders
  2 ribbon worms
  3 dart slugs
  4 endoplasms
  9 giant cockroaches
  9 goblins
  8 hobgoblins
  A quokka (D:2)
  6 ball pythons
  8 bats
  4 frilled lizards
  4 kobolds
  4 rats
71 creatures vanquished.

Notes
Turn   | Place    | Note
-------+----------+-------------------------------------------
     0 | D:1      | NateTC the Gargoyle Fighter began the quest for the Orb.
     0 | D:1      | Reached XP level 1. HP: 14/14 MP: 1/1
   109 | D:1      | Reached XP level 2. HP: 13/20 MP: 2/2
   146 | D:1      | Reached skill level 4 in Fighting
   988 | D:2      | Reached XP level 3. HP: 23/24 MP: 3/3
  1453 | D:2      | Reached skill level 5 in Fighting
  1593 | D:2      | Reached XP level 4. HP: 31/31 MP: 4/4
  1930 | D:3      | Upgraded the game from 0.32-a0-799-g95e1662365 to
                  | 0.32-a0-818-gb728d0252e
  1939 | D:3      | Found a sacrificial altar of Ru.
  2059 | D:3      | Found a faded altar of an unknown god.
  2351 | D:3      | Reached XP level 5. HP: 36/36 MP: 5/5
  2383 | D:3      | Reached skill level 6 in Fighting
  3019 | D:4      | Noticed Menkaure
  3030 | D:4      | Slain by Menkaure

Illustrated notes

Levels and vault maps discovered:
D:1:      amcnicky_arrival_flooded_fountain, layout_basic, minmay_tromino_v4_c
D:2:      layout_loops_corners, minmay_worlds_worst_comb
D:3:      minmay_wonky_spiral, layout_basic, nicolae_ru_awakened_eye,
          shapermc_ecumenical_altar_gd
D:4:      layout_loops_ring, mainiacjoe_overflow_alcove_2, uniq_robin,
          uniq_menkaure, uniq_ijyb

Skill      XL: |  1  2  3  4  5 |
---------------+----------------+-----
Fighting       | 4 5 6 |  6.5
Maces & Flails | 3 |  3.0
Armour         | |  3.2
Shields        | |  3.2

Action                     |  1- 3 |  4- 6 || total
---------------------------+-------+-------++-------
  Melee: Flail             |   149 |   110 ||   259
    Use: Scroll            |       |     4 ||     4
         Potion            |       |     1 ||     1
 Armour: Chain mail        |   130 |    83 ||   213
  Dodge: Dodged            |    64 |    41 ||   105
  Block: Buckler           |    39 |    21 ||    60

Table legend: (Time is in decaauts)
 A = Elapsed time spent in this place.
 B = Non-inter-level travel time spent in this place.
 C = Inter-level travel time spent in this place.
 D = Time resting spent in this place.
 E = Time spent auto-exploring this place.
 F = Levels seen in this place.
 G = Mean time per level.
                   A        B        C        D        E       F      G
               +--------+--------+--------+--------+--------+-----+--------+
         Total |   3111 |   3044 |     67 |      0 |   2336 |   4 |  777.8 |
       Dungeon |   3111 |   3044 |     67 |      0 |   2336 |   4 |  777.8 |
               +--------+--------+--------+--------+--------+-----+--------+

Top non-repeatable levels by time:
     D:2: 1012 daAuts
     D:1: 961 daAuts
     D:3: 894 daAuts
     D:4: 242 daAuts
